| TOP OF THE 1ST |
|
Reno Silver Sox batting - Pitching for Bakersfield Bears : LHP Craig Henderson
|
|
Pitching: LHP Craig Henderson
|
|
|
Batting: RHB Lemmie Miller
|
0-0: Ball 1-0: Called Strike 1-1: Foul Ball, location: 2F 1-2: Foul Ball, location: 2F 1-2: Fly out, F4 (Flyball, 34D, EV 90.0 MPH)
|
|
Batting: RHB Rod Hobbs
|
0-0: Called Strike 0-1: Ball 1-1: Swinging Strike 1-2: Foul Ball, location: 2F 1-2: Ball 2-2: Ball 3-2: Base on Balls
|
|
Batting: LHB Victor Diaz
|
0-0: Ball 1-0: Ball 2-0: Foul Ball, location: 2F 2-1: Foul Ball, location: 2F 2-2: Fly out, F4 (Popup, 4D, EV 51.3 MPH)
|
|
Batting: LHB Mike Hocutt
|
0-0: SINGLE (Popup, 6D, EV 69.4 MPH) Rod Hobbs to second Runner from 2nd tries for 3rd, SAFE, no throw by SS
|
|
Batting: RHB Bill Crone
|
0-0: Foul Ball, location: 2F 0-1: Ball 1-1: Ball 2-1: Ground out 6-3 (Groundball, 6M, EV 106.3 MPH)
|
| Top of the 1st over - 0 runs, 1 hit, 0 errors, 2 left on base; Reno 0 - Bakersfield 0 |
| BOTTOM OF THE 1ST |
|
Bakersfield Bears batting - Pitching for Reno Silver Sox : RHP Scot Ender
|
|
Pitching: RHP Scot Ender
|
|
|
Batting: RHB Jack Lopez
|
0-0: Ball 1-0: Foul Ball, location: 2F 1-1: Called Strike 1-2: Ball 2-2: Strikes out swinging
|
|
Batting: LHB Jim Eppard
|
0-0: Ball 1-0: Ball 2-0: Foul Ball, location: 2F 2-1: Foul Ball, location: 2F 2-2: Ball 3-2: Base on Balls
|
|
Batting: LHB Benny Distefano
|
0-0: Called Strike Jim Eppard steals 2nd base 0-1: Called Strike Jim Eppard is caught stealing 3rd base 2-5 0-2: Ball 1-2: Foul Ball, location: 2F 1-2: Foul Ball, location: 2F 1-2: Foul Ball, location: 2F 1-2: Foul Ball, location: 2F 1-2: Ball 2-2: Ground out 6-3 (Groundball, 6MD, EV 86.3 MPH)
|
| Bottom of the 1st over - 0 runs, 0 hits, 0 errors, 0 left on base; Reno 0 - Bakersfield 0 |
| TOP OF THE 2ND |
|
Reno Silver Sox batting - Pitching for Bakersfield Bears : LHP Craig Henderson
|
|
Batting: RHB Eddie Brunson
|
0-0: Called Strike 0-1: Ball 1-1: Foul Ball, location: 2F 1-2: Ball 2-2: Ball 3-2: Base on Balls
|
|
Batting: RHB Luis Cabanas
|
0-0: Ball 1-0: Fly out, F8 (Line Drive, 8RM, EV 108.8 MPH)
|
|
Batting: LHB Andrew Timko
|
0-0: Called Strike 0-1: Fielders Choice at 2nd, 4-6 (Groundball, 34, EV 102.5 MPH)
|
|
Batting: LHB Gregory Shirley
|
0-0: Foul Ball, location: 2F 0-1: Ball 1-1: Ball 2-1: Foul Ball, location: 2F 2-2: Fly out, F8 (Flyball, 8RS, EV 89.4 MPH)
|
| Top of the 2nd over - 0 runs, 0 hits, 0 errors, 1 left on base; Reno 0 - Bakersfield 0 |
| BOTTOM OF THE 2ND |
|
Bakersfield Bears batting - Pitching for Reno Silver Sox : RHP Scot Ender
|
|
Batting: RHB Steve Buechele
|
0-0: Called Strike 0-1: SINGLE (Groundball, 6S, EV 66.3 MPH) (infield hit)
|
|
Batting: LHB Kevin Waller
|
0-0: Called Strike 0-1: Grounds into double play, 4-6-3 (Groundball, 34, EV 92.5 MPH)
|
|
Batting: RHB Antonio Alicea
|
0-0: Ball 1-0: Fly out, F8 (Flyball, 8LM, EV 75.6 MPH)
|
| Bottom of the 2nd over - 0 runs, 1 hit, 0 errors, 0 left on base; Reno 0 - Bakersfield 0 |
| TOP OF THE 3RD |
|
Reno Silver Sox batting - Pitching for Bakersfield Bears : LHP Craig Henderson
|
|
Batting: RHB Lemmie Miller
|
0-0: Ball 1-0: Called Strike 1-1: Foul Ball, location: 2F 1-2: Strikes out swinging
|
|
Batting: RHB Rod Hobbs
|
0-0: Swinging Strike 0-1: Swinging Strike 0-2: Foul Ball, location: 2F 0-2: Ball 1-2: Ball 2-2: Ball 3-2: Fly out, F9 (Flyball, 89M, EV 95.0 MPH)
|
|
Batting: LHB Victor Diaz
|
0-0: Ball 1-0: Foul Ball, location: 2F 1-1: Ground out 4-3 (Groundball, 4, EV 103.8 MPH)
|
| Top of the 3rd over - 0 runs, 0 hits, 0 errors, 0 left on base; Reno 0 - Bakersfield 0 |
| BOTTOM OF THE 3RD |
|
Bakersfield Bears batting - Pitching for Reno Silver Sox : RHP Scot Ender
|
|
Batting: RHB Trey Brooks
|
0-0: Called Strike 0-1: Ball 1-1: Swinging Strike 1-2: Ball 2-2: Ball 3-2: Foul Ball, location: 2F 3-2: Foul Ball, location: 2F 3-2: Foul Ball, location: 2F 3-2: Foul Ball, location: 2F 3-2: Foul Ball, location: 2F 3-2: Foul Ball, location: 2F 3-2: Foul Ball, location: 2F 3-2: Strikes out swinging
|
|
Batting: RHB Jeff Rutledge
|
0-0: Called Strike 0-1: Ball 1-1: Ball 2-1: Called Strike 2-2: Strikes out looking
|
|
Batting: RHB Jeff Rudolph
|
0-0: Ball 1-0: Ball 2-0: Foul Ball, location: 2F 2-1: Ground out 6-3 (Groundball, 6, EV 104.4 MPH)
|
| Bottom of the 3rd over - 0 runs, 0 hits, 0 errors, 0 left on base; Reno 0 - Bakersfield 0 |
| TOP OF THE 4TH |
|
Reno Silver Sox batting - Pitching for Bakersfield Bears : LHP Craig Henderson
|
|
Batting: LHB Mike Hocutt
|
0-0: TRIPLE (Groundball, 3L, EV 104.4 MPH)
|
|
Batting: RHB Bill Crone
|
0-0: Ball 1-0: Ball 2-0: Fly out, F7 (Line Drive, 7D, EV 93.1 MPH) Runner from 3rd tags up, SCORES, no throw by LF
|
|
Batting: RHB Eddie Brunson
|
0-0: Fly out, F9 (Line Drive, 9, EV 88.8 MPH)
|
|
Batting: RHB Luis Cabanas
|
0-0: Called Strike 0-1: Ball 1-1: Swinging Strike 1-2: Strikes out swinging, 2-3 out at first.
|
| Top of the 4th over - 1 run, 1 hit, 0 errors, 0 left on base; Reno 1 - Bakersfield 0 |
| BOTTOM OF THE 4TH |
|
Bakersfield Bears batting - Pitching for Reno Silver Sox : RHP Scot Ender
|
|
Batting: RHB Jack Lopez
|
0-0: Called Strike 0-1: Ball 1-1: Foul Ball, location: 2F 1-2: Fly out, F8 (Flyball, 89D, EV 99.4 MPH)
|
|
Batting: LHB Jim Eppard
|
0-0: Ground out 4-3 (Groundball, 34, EV 90.6 MPH)
|
|
Batting: LHB Benny Distefano
|
0-0: Foul Ball, location: 2F 0-1: Ball 1-1: Foul Ball, location: 2F 1-2: DOUBLE (Groundball, 3L, EV 109.4 MPH) - OUT at third base trying to stretch hit.
|
| Bottom of the 4th over - 0 runs, 1 hit, 0 errors, 0 left on base; Reno 1 - Bakersfield 0 |
| TOP OF THE 5TH |
|
Reno Silver Sox batting - Pitching for Bakersfield Bears : LHP Craig Henderson
|
|
Batting: LHB Andrew Timko
|
0-0: Foul Ball, location: 2F 0-1: Ground out 4-3 (Groundball, 4, EV 81.3 MPH)
|
|
Batting: LHB Gregory Shirley
|
0-0: Ball 1-0: Called Strike 1-1: Foul Ball, location: 2F 1-2: Strikes out swinging
|
|
Batting: RHB Lemmie Miller
|
0-0: Called Strike 0-1: Ball 1-1: Ball 2-1: Ball 3-1: Base on Balls
|
|
Batting: RHB Rod Hobbs
|
0-0: Ball 1-0: Ball 2-0: Called Strike 2-1: Foul Ball, location: 2F 2-2: Strikes out looking
|
| Top of the 5th over - 0 runs, 0 hits, 0 errors, 1 left on base; Reno 1 - Bakersfield 0 |
| BOTTOM OF THE 5TH |
|
Bakersfield Bears batting - Pitching for Reno Silver Sox : RHP Scot Ender
|
|
Batting: RHB Steve Buechele
|
0-0: Ball 1-0: Ball 2-0: Called Strike 2-1: SINGLE (Groundball, 4MS, EV 66.9 MPH) (infield hit)
|
|
Batting: LHB Kevin Waller
|
0-0: Ball 1-0: Called Strike 1-1: Foul Ball, location: 2F 1-2: Strikes out swinging
|
|
Batting: RHB Antonio Alicea
|
0-0: Ground out 6-3 (Groundball, 6M, EV 87.5 MPH) Steve Buechele to second
|
|
Batting: RHB Trey Brooks
|
0-0: Foul Ball, location: 2F 0-1: Foul Ball, location: 2F 0-2: Ball 1-2: Ball 2-2: Foul Ball, location: 2F 2-2: SINGLE (Groundball, 6MD, EV 101.3 MPH) Steve Buechele to third Runner from 3rd tries for Home, SAFE, throw by CF to home
|
|
Batting: RHB Jeff Rutledge
|
0-0: Ball Trey Brooks is caught stealing 2nd base 2-4
|
| Bottom of the 5th over - 1 run, 2 hits, 0 errors, 0 left on base; Reno 1 - Bakersfield 1 |
| TOP OF THE 6TH |
|
Reno Silver Sox batting - Pitching for Bakersfield Bears : LHP Craig Henderson
|
|
Batting: LHB Victor Diaz
|
0-0: Ball 1-0: Foul Ball, location: 2F 1-1: Ball 2-1: Swinging Strike 2-2: Foul Ball, location: 2F 2-2: Ball 3-2: Base on Balls
|
|
Batting: LHB Mike Hocutt
|
0-0: Foul Ball, location: 2F 0-1: SINGLE (Flyball, 78S, EV 83.8 MPH) Victor Diaz to second
|
|
Batting: RHB Bill Crone
|
0-0: Ball 1-0: Ball 2-0: Swinging Strike 2-1: Called Strike 2-2: Foul Ball, location: 2F 2-2: Ball Wild Pitch! Victor Diaz to third Mike Hocutt to second 3-2: Base on Balls
|
|
Batting: RHB Eddie Brunson
|
0-0: Fly out, F6 (Popup, 4MD, EV 55.6 MPH)
|
|
Batting: RHB Luis Cabanas
|
0-0: Ball 1-0: Ball 2-0: Foul Ball, location: 2F 2-1: Fly out, F9 (Flyball, 9, EV 93.1 MPH) Runner from 3rd tags up, OUT at HOME! 9-2
|
| Top of the 6th over - 0 runs, 1 hit, 0 errors, 2 left on base; Reno 1 - Bakersfield 1 |
| BOTTOM OF THE 6TH |
|
Bakersfield Bears batting - Pitching for Reno Silver Sox : RHP Scot Ender
|
|
Batting: RHB Jeff Rutledge
|
0-0: Called Strike 0-1: SINGLE (Groundball, 56D, EV 100.0 MPH)
|
|
Batting: RHB Jeff Rudolph
|
0-0: Bunted foul 0-1: Ball 1-1: Bunted foul 1-2: Foul Ball, location: 2F 1-2: Grounds into double play, 6-4-3 (Groundball, 6, EV 84.4 MPH)
|
|
Batting: RHB Jack Lopez
|
0-0: Ball 1-0: Foul Ball, location: 2F 1-1: Ball 2-1: Ball 3-1: Called Strike 3-2: Base on Balls
|
|
Batting: LHB Jim Eppard
|
0-0: Ball Jack Lopez is caught stealing 2nd base 2-6
|
| Bottom of the 6th over - 0 runs, 1 hit, 0 errors, 0 left on base; Reno 1 - Bakersfield 1 |
| TOP OF THE 7TH |
|
Reno Silver Sox batting - Pitching for Bakersfield Bears : LHP Craig Henderson
|
|
Batting: LHB Andrew Timko
|
0-0: Fly out, F7 (Flyball, 7, EV 90.6 MPH)
|
|
Batting: LHB Gregory Shirley
|
0-0: Called Strike 0-1: Ball 1-1: Ball 2-1: Foul Ball, location: 2F 2-2: Strikes out swinging
|
|
Batting: RHB Lemmie Miller
|
0-0: Fly out, F9 (Flyball, 9LM, EV 91.9 MPH)
|
| Top of the 7th over - 0 runs, 0 hits, 0 errors, 0 left on base; Reno 1 - Bakersfield 1 |
| BOTTOM OF THE 7TH |
|
Bakersfield Bears batting - Pitching for Reno Silver Sox : RHP Scot Ender
|
|
Batting: LHB Jim Eppard
|
0-0: Called Strike 0-1: Ground out U3 (Groundball, 34S, EV 82.5 MPH)
|
|
Batting: LHB Benny Distefano
|
0-0: Ball 1-0: Called Strike 1-1: Ball 2-1: Ground out 4-3 (Groundball, 4, EV 86.9 MPH)
|
|
Batting: RHB Steve Buechele
|
0-0: Ground out 5-3 (Groundball, 56S, EV 69.4 MPH)
|
| Bottom of the 7th over - 0 runs, 0 hits, 0 errors, 0 left on base; Reno 1 - Bakersfield 1 |
| TOP OF THE 8TH |
|
Reno Silver Sox batting - Pitching for Bakersfield Bears : LHP Craig Henderson
|
|
Batting: RHB Rod Hobbs
|
0-0: Ball 1-0: Ball 2-0: Ball 3-0: Called Strike 3-1: Foul Ball, location: 2F 3-2: Ground out 1-3 (Groundball, 15S, EV 65.6 MPH)
|
|
Batting: LHB Victor Diaz
|
0-0: Ball 1-0: SINGLE (Flyball, 56D, EV 90.6 MPH)
|
|
Batting: LHB Mike Hocutt
|
0-0: Swinging Strike 0-1: Foul Ball, location: 2F 0-2: Ball 1-2: Strikes out swinging
|
|
Batting: RHB Bill Crone
|
0-0: Called Strike 0-1: Swinging Strike 0-2: Ball 1-2: Foul Ball, location: 2F 1-2: Ball 2-2: Foul Ball, location: 2F 2-2: TRIPLE (Line Drive, 8LXD, EV 112.5 MPH) Victor Diaz scores
|
|
Batting: RHB Eddie Brunson
|
0-0: Ball 1-0: Fly out, F9 (Flyball, 9LM, EV 102.5 MPH)
|
| Top of the 8th over - 1 run, 2 hits, 0 errors, 1 left on base; Reno 2 - Bakersfield 1 |
| BOTTOM OF THE 8TH |
|
Bakersfield Bears batting - Pitching for Reno Silver Sox : RHP Scot Ender
|
|
Batting: LHB Kevin Waller
|
0-0: Ball 1-0: Foul Ball, location: 2F 1-1: Swinging Strike 1-2: Foul Ball, location: 2F 1-2: Ball 2-2: Foul Ball, location: 2F 2-2: Ball 3-2: Strikes out looking
|
|
Batting: RHB Antonio Alicea
|
0-0: Ball 1-0: Ball 2-0: Fly out, F7 (Flyball, 78M, EV 91.9 MPH)
|
|
Batting: RHB Trey Brooks
|
0-0: Called Strike 0-1: Ball 1-1: Ground out 6-3 (Groundball, 6, EV 88.8 MPH)
|
| Bottom of the 8th over - 0 runs, 0 hits, 0 errors, 0 left on base; Reno 2 - Bakersfield 1 |
| TOP OF THE 9TH |
|
Reno Silver Sox batting - Pitching for Bakersfield Bears : LHP Craig Henderson
|
|
Batting: RHB Luis Cabanas
|
0-0: Ball 1-0: Ball 2-0: Called Strike 2-1: Ball 3-1: Fly out, F8 (Flyball, 78XD, EV 83.1 MPH)
|
|
Batting: LHB Andrew Timko
|
0-0: Foul Ball, location: 2F 0-1: Ball 1-1: Ball 2-1: Foul Ball, location: 2F 2-2: TRIPLE (Flyball, 78XD, EV 88.1 MPH)
|
|
Batting: LHB Gregory Shirley
|
0-0: Foul Ball, location: 2F 0-1: Foul Ball, location: 2F 0-2: Fly out, F8 (Flyball, 8RXD, EV 102.5 MPH) Runner from 3rd tags up, SCORES, no throw by CF
|
|
Batting: RHB Lemmie Miller
|
0-0: SINGLE (Groundball, 56D, EV 95.6 MPH)
|
|
Batting: RHB Rod Hobbs
|
0-0: Ball 1-0: Ball 2-0: Fielders Choice at 2nd, 6-4 (Groundball, 6, EV 103.1 MPH)
|
| Top of the 9th over - 1 run, 2 hits, 0 errors, 1 left on base; Reno 3 - Bakersfield 1 |
| BOTTOM OF THE 9TH |
|
Bakersfield Bears batting - Pitching for Reno Silver Sox : RHP Scot Ender
|
|
Pitching: RHP Juan Arias
|
|
|
Batting: RHB Jeff Rutledge
|
0-0: Ball 1-0: Ball 2-0: Called Strike 2-1: Ball 3-1: Foul Ball, location: 2F 3-2: Strikes out swinging
|
|
Batting: RHB Jeff Rudolph
|
0-0: Fly out, F8 (Flyball, 8RM, EV 93.8 MPH)
|
|
Batting: RHB Jack Lopez
|
0-0: Ball 1-0: Ball 2-0: Ball 3-0: Base on Balls
|
|
Batting: LHB Jim Eppard
|
0-0: Fly out, F8 (Flyball, 8RD, EV 88.8 MPH)
|
| Bottom of the 9th over - 0 runs, 0 hits, 0 errors, 1 left on base; Reno 3 - Bakersfield 1 |
|